 Dungeon Crawl Stone Soup version 0.31-a0-728-g01b46875f1 (webtiles) character file.

Game seed: 1951607028498188770

3922 ytrimaz the Mimic (level 10, 0/69 HPs)
             Began as an Octopode Shapeshifter on Sept 11, 2023.
             Collided with a rock wall (15 damage)
             ... caused by Erica
             ... on level 9 of the Dungeon.
             The game lasted 00:09:48 (8674 turns).

ytrimaz the Mimic (Octopode Shapeshifter)           Turns: 8674, Time: 00:09:49

Health: 0/69       AC:  9    Str: 18    XL:     10   Next: 20%
Magic:  10/10      EV: 11    Int: 12    God:
Gold:   392        SH:  0    Dex: 20    Spells: 9/9 levels left

rFire   . .          .
                       - Unarmed
rCold   . . .        (shield currently unavailable)
rNeg    . . .        (helmet currently unavailable)
rPois   .            o - amulet "Fazul" {RegenMP Contam rElec Dex+3 Slay+5}
rElec   +            (no ring)
rCorr   .            (no ring)
SInv    .            (no ring)
Will    .....        (no ring)
Stlth   ++           (no ring)
HPRegen 0.31/turn    (no ring)
MPRegen 0.52/turn    (no ring)
                     (no ring)

%: no passive effects
@: snake-form
A: constrict, boosted hp, almost no armour, amphibious, 8 rings, large,
(camouflage 1), (gelatinous body 1), (nimble swimmer 1), (tentacles)
a: Begin Untransformation


You were on level 9 of the Dungeon.
You were an enormous anaconda.
You visited 1 branch of the dungeon, and saw 9 of its levels.
You also visited: Sewer.

You collected 392 gold pieces.


Innate Abilities, Weirdness & Mutations

You are an enormous anaconda.
You have a powerful constriction melee attack.
Your maximum health is increased.
Your armour is entirely melded.
You are incapable of wielding weapons or throwing items.
You cannot wear most types of armour.
You are amphibious.
You can wear up to eight rings at the same time.
((Your skin changes colour to match your surroundings (Stealth+).))
((Your rubbery body absorbs attacks. (AC +1, EV +1)))
((You are camouflaged when in or above water. (Stealth+)))
((You have tentacles for arms and can constrict up to eight enemies at once.))


   Skills:
 - Level 1.0 Fighting
 + Level 2.9 Dodging
 + Level 2.4 Stealth
 - Level 10.0 Unarmed Combat
 + Level 10.1 Shapeshifting


You had 9 spell levels left.
You didn't know any spells.
Your spell library contained the following spells:

 Spells                   Type           Power      Damage    Failure   Level
 Kiss of Death            Conj/Necr      0%         2d5       32%         1
 Magic Dart               Conj           0%         1d3       32%         1
 Call Imp                 Summ           0%         N/A       45%         2
 Lesser Beckoning         Tloc           0%         N/A       45%         2
 Confusing Touch          Hex            0%         N/A       69%         3
 Gell's Gravitas          Tloc           0%         N/A       69%         3
 Mephitic Cloud           Conj/Pois/Air  0%         N/A       69%         3
 Teleport Other           Tloc           0%         N/A       69%         3
 Dispel Undead            Necr           0%         3d6       97%         4

Inventory:

Jewellery
 o - the amulet "Fazul" (around neck) {RegenMP Contam rElec Dex+3 Slay+5}
   (You found it on level 4 of the Dungeon)

   [amulet of magic regeneration]

   RegenMP:   It increases your rate of magic regeneration.
   Dex+3:     It affects your dexterity (+3).
   Slay+5:    It affects your accuracy & damage with ranged weapons and melee
   (+5).
   rElec:     It insulates you from electricity.
   Contam:    It causes magical contamination when unequipped.
Talismans
 b - a beast talisman
 c - a flux talisman
 s - a serpent talisman (active)
   (You found it on level 5 of the Dungeon)
Wands
 q - a wand of acid (1) (quivered)
   (You found it on level 5 of the Dungeon)
 t - a wand of roots (15)
   (You found it on level 5 of the Dungeon)
 w - a wand of flame (31)
   (You found it on level 6 of the Dungeon)
 A - a wand of mindburst (3)
   (You found it on level 8 of the Dungeon)
Scrolls
 e - a scroll of poison
 h - 2 scrolls of fear
 k - 3 scrolls of noise
 l - a scroll of silence
 m - 4 scrolls of teleportation
 n - 5 scrolls of butterflies
 p - 3 scrolls of enchant armour
 u - a scroll of amnesia
 x - 2 scrolls of fog
 y - a scroll of acquirement {unknown}
 z - a scroll of enchant weapon {unknown}
Potions
 a - 2 potions of heal wounds
 d - a potion of enlightenment {unknown}
 f - 3 potions of haste
 g - a potion of invisibility {unknown}
 i - a potion of magic {unknown}
 j - 3 potions of curing {unknown}
 r - 2 potions of might {unknown}
 v - a potion of mutation {unknown}

Dungeon Overview and Level Annotations

Branches:
Dungeon (9/15) Zot: 26963  Temple (0/1) D:5           Sewer (visited)
   Lair: D:8-11         Orc: D:9-12

Altars:
Cheibriados
Dithmenos
Elyvilon
Hepliaklqana
Kikubaaqudgha
Makhleb
Nemelex Xobeh
Trog
Uskayaw
Xom
Yredelemnul
The Shining One

Shops:
D:4 =   D:9 *

Annotations:
D:9 Erica

#.# #.## #..#
##.# #.#
#.### #∩..#
######.####
#..S......#
#..).)....#
#..{).....#
#.........#
#...........
#......>..###
#.........#
#.........#
#....:....#


There were no monsters in sight!


Message History

Done exploring.
Done exploring.
Done exploring.
Done exploring.
Done exploring.
There is a stone staircase leading down here.
Done exploring.
Done exploring.
You climb downwards.
There is a stone staircase leading up here.
You open the door.
There is an open door here.
Found Wacladgh's General Store.
There is an entrance to Wacladgh's General Store here.
Found a stone staircase leading down. 3 orcs come into view.
There are monsters nearby!
There are monsters nearby!
An orc priest comes into view. It is wielding a +0 dagger.
The orc shouts! x2; You hear a shout!
You lash the orc!
You kill the orc!
Erica the Fiery-Tempered comes into view.
She is wielding a +2 scimitar of flaming.
Erica mumbles some strange words.
Erica flickers and vanishes!
Deactivating autopickup; reactivate with Ctrl-A.
The orc hits you but does no damage. x2
Unknown command.
You hit the orc priest. You grab the orc priest. You constrict the orc priest.
The orc barely misses you.
The orc priest hits you but does no damage.
The orc hits you but does no damage.
You lash the orc priest!
You kill the orc priest!
The orc hits you but does no damage. x2
The orc barely misses you. x2
Things that are here:
a +0 dagger; an orc corpse Unknown command.
You hit the orc. You grab the orc. You constrict the orc.
You kill the orc!
The orc hits you but does no damage. The orc barely misses you.
Things that are here:
a +0 flail; 11 gold pieces You lash the orc!
You kill the orc!
You hear some strange, mumbled words.
A lance of force appears from out of thin air!
The lance of force hits you!!
You are knocked back by the lance of force.
You slam into the rock wall! 😮 HP[-27]
You take 27 damage, and now have 42/69 hp.
MASSIVE DAMAGE!! (PAUSE)
You hear some strange, mumbled words.
A lance of force appears from out of thin air!
The lance of force hits you!
* * * LOW HITPOINT WARNING * * *
You are knocked back by the lance of force.
You slam into the rock wall!
* * * LOW HITPOINT WARNING * * *
Things that are here:
a +0 dagger; an orc corpse; 😨 HP[-19]
You take 19 damage, and now have 23/69 hp.
MASSIVE DAMAGE!! (PAUSE)
You body-slam something!!
You closely miss something. Something hits you.
* * * LOW HITPOINT WARNING * * *
Something burns you.
* * * LOW HITPOINT WARNING * * *
😨 HP[-1]
You take 1 damage, and now have 22/69 hp.
Unknown command.
You miss something. Something hits you.
* * * LOW HITPOINT WARNING * * *
Something burns you.
* * * LOW HITPOINT WARNING * * *
😱 HP[-6]
You take 6 damage, and now have 16/69 hp.
You barely miss something. Something hits you.
* * * LOW HITPOINT WARNING * * *
Something burns you.
* * * LOW HITPOINT WARNING * * *
😱 HP[-6]
You take 6 damage, and now have 10/69 hp.
Unknown command.
It was a potion of heal wounds.
You feel much better.
You hear some strange, mumbled words.
Something tries to affect you, but you resist. 😨 HP[+24]
You regained 24 hp, and now have 34/69 hp.
You miss something.
You hear some strange, mumbled words.
A lance of force appears from out of thin air!
The lance of force hits you!!
* * * LOW HITPOINT WARNING * * *
You are knocked back by the lance of force.
You slam into the rock wall!
You die...

Skill      XL: |  1  2  3  4  5  6  7  8  9 10 |
---------------+-------------------------------+-----
Unarmed Combat | 4 5 7 8 10 | 10.0
Shapeshifting  | 4 5 6 7 9 10 | 10.1
Stealth        | 2 |  2.4
Fighting       | |  1.0
Dodging        | |  2.9

Action                     |  1- 3 |  4- 6 |  7- 9 | 10-12 || total
---------------------------+-------+-------+-------+-------++-------
  Melee: Unarmed           |    77 |    59 |   192 |    26 ||   354
         Constrict         |    19 |    18 |    41 |     9 ||    87
         Tentacles         |    14 |    15 |    30 |       ||    59
         Punch             |     2 |     2 |     6 |       ||    10
  Evoke: Wand              |       |       |     1 |       ||     1
    Use: Scroll            |     5 |     3 |     5 |       ||    13
         Potion            |       |       |     3 |     1 ||     4
   Stab: Sleeping          |     7 |     7 |     9 |       ||    23
 Armour: Skin              |    30 |    21 |   153 |    20 ||   224
  Dodge: Dodged            |    42 |    30 |   100 |     9 ||   181
   Form: Anaconda          |       |       |     1 |       ||     1

Levels and vault maps discovered:
D:1:      zaba_arrival_water, layout_basic, nrook_campfire,
          kennysheep_pointless_box, minmay_worlds_worst_comb
D:2:      layout_rooms, serial_rivers, chequers_serial_rivers_micro_a,
          chequers_serial_rivers_small_3, chequers_serial_rivers_small_3,
          chequers_serial_rivers_micro_c, chequers_serial_rivers_small_a
D:3:      layout_loops_ring, ebering_ecumenical_altar_mist, feat_on_display
D:4:      layout_loops_ring, tgw_kikubaaqudgha,
          nicolae_concentric_dashed_squares_mild, nicolae_shop_unique_rings
D:5:      layout_basic, minmay_temple_entry_grid, nicolae_zen_rock_garden
D:6:      layout_loops_ring, nicolae_uskayaw_suspiria, gup_sewer_entry_glass,
          kennysheep_decorative_pillar
D:7:      minmay_flawed_box, layout_basic, mainiacjoe_overflow_boulevard,
          makhleb_heckhound_becter, minmay_overflow_temple_star_hex,
          mainiacjoe_overflow_surrounded_room, nrook_uturn
D:8:      layout_cave_pods, mainiacjoe_overflow_six_doors_small,
          amcnicky_altar_gilded, serial_column_ruins, column_ruins_hut_pillars,
          column_ruins_open_small, column_ruins_open_medium,
          column_ruins_open_tiny, column_ruins_corridor_straight, uniq_grum
D:9:      layout_roguey, grunt_gozag_statues, serial_shops, shop,
          kb_lookout_dungeons_type, minmay_statues_item, uniq_harold,
          uniq_gastronok, uniq_erica

Notes
Turn   | Place    | Note
-------+----------+-------------------------------------------
     0 | D:1      | ytrimaz the Octopode Shapeshifter began the quest for the
                  | Orb.
     0 | D:1      | Reached XP level 1. HP: 13/13 MP: 1/1
     0 | D:1      | magus.rc [v1.9.6]
    95 | D:1      | Reached XP level 2. HP: 18/18 MP: 2/2
   206 | D:1      | You pick up a book of Minor Magic and begin reading...
   206 | D:1      | You add the spells Magic Dart, Call Imp and Mephitic Cloud
                  | to your library.
   264 | D:1      | Reached XP level 3. HP: 23/23 MP: 3/3
   555 | D:1      | You pick up a book of Displacement and begin reading...
   555 | D:1      | You add the spells Lesser Beckoning, Gell's Gravitas and
                  | Teleport Other to your library.
  1417 | D:3      | Reached skill level 4 in Unarmed Combat
  1417 | D:3      | Reached XP level 4. HP: 18/28 MP: 4/4
  1728 | D:3      | Reached skill level 4 in Shapeshifting
  1821 | D:3      | Found a faded altar of an unknown god.
  2056 | D:4      | Noticed a scorpion
  2072 | D:4      | Killed a scorpion
  2073 | D:4      | Reached XP level 5. HP: 20/33 MP: 5/5
  2291 | D:4      | Identified the amulet "Fazul" {RegenMP Contam rElec Dex+3
                  | Slay+5}
  2452 | D:4      | Found an ancient bone altar of Kikubaaqudgha.
  2571 | D:4      | Noticed a human
  2572 | D:4      | Killed a human
  2606 | D:4      | Found Ankomuptu's One-of-a-Kind Rings.
  2766 | D:5      | Entered Level 5 of the Dungeon
  2772 | D:5      | Reached skill level 5 in Unarmed Combat
  2772 | D:5      | Reached XP level 6. HP: 38/38 MP: 6/6
  2781 | D:5      | Reached skill level 5 in Shapeshifting
  3374 | D:5      | Reached XP level 7. HP: 43/43 MP: 7/7
  3390 | D:5      | Found a staircase to the Ecumenical Temple.
  3767 | D:5      | Reached skill level 6 in Unarmed Combat
  3863 | D:6      | Found a glowing drain.
  3911 | Sewer    | Entered a sewer
  3969 | Sewer    | Reached skill level 6 in Shapeshifting
  4595 | D:6      | Reached skill level 7 in Unarmed Combat
  4595 | D:6      | Reached XP level 8. HP: 31/48 MP: 8/8
  4942 | D:6      | Reached skill level 7 in Shapeshifting
  5164 | D:6      | HP: 4/48 [orc priest/divine providence (12)]
  5484 | D:6      | Found a hide-covered altar of Uskayaw.
  5567 | D:7      | Found a bloodstained altar of Trog.
  5570 | D:7      | You pick up a book of Touch and begin reading...
  5570 | D:7      | You add the spells Kiss of Death, Confusing Touch and
                  | Dispel Undead to your library.
  5622 | D:7      | Reached skill level 8 in Unarmed Combat
  5769 | D:7      | Found a snail-covered altar of Cheibriados.
  5998 | D:7      | Reached XP level 9. HP: 15/53 MP: 9/9
  6137 | D:7      | Found a burning altar of Makhleb.
  6144 | D:7      | Reached skill level 8 in Shapeshifting
  6178 | D:7      | HP: 14/79 [kobold brigand/+0 dagger (6)]
  6626 | D:7      | Reached skill level 9 in Unarmed Combat
  6771 | D:7      | Found a glowing golden altar of the Shining One.
  6773 | D:7      | Found a shadowy altar of Dithmenos.
  6775 | D:7      | Found a shimmering altar of Xom.
  6794 | D:7      | Found a basalt altar of Yredelemnul.
  6797 | D:7      | Found a white marble altar of Elyvilon.
  7142 | D:8      | Noticed Grum
  7156 | D:8      | HP: 9/54 [wolf[Grum] (5)]
  7158 | D:8      | HP: 4/54 [wolf[Grum] (6)]
  7165 | D:7      | HP: 1/54 [wolf[Grum] (4)]
  7445 | D:8      | Killed Grum
  7578 | D:8      | Reached skill level 9 in Shapeshifting
  7800 | D:8      | Reached skill level 10 in Unarmed Combat
  7925 | D:8      | Found a hazy altar of Hepliaklqana.
  7939 | D:8      | Noticed a hornet
  7944 | D:8      | Killed a hornet
  8086 | D:8      | Reached XP level 10. HP: 58/58 MP: 10/10
  8088 | D:8      | Reached skill level 10 in Shapeshifting
  8096 | D:8      | Reached skill level 1 in Stealth
  8099 | D:8      | Reached skill level 2 in Stealth
  8213 | D:8      | Found a sparkling altar of Nemelex Xobeh.
  8646 | D:9      | Found Wacladgh's General Store.
  8660 | D:9      | Noticed Erica
  8671 | D:9      | HP: 17/69 [something (5)]
  8674 | D:9      | Collided with a rock wall

Vanquished Creatures
  A hornet (D:8)
  2 wyverns
  5 yaks
  Grum (D:8)
  A water moccasin (D:7)
  2 ice beasts
  A sky beast (D:6)
  3 ogres
  2 wolves (D:7)
  2 centaurs
  5 kobold brigands
  4 scorpions
  3 howler monkeys
  3 jellies
  4 hounds
  3 orc priests
  A sleepcap (D:8)
  2 iguanas
  10 orc wizards
  4 river rats (Sewer)
  9 adders
  2 shadow imps (D:6)
  2 white imps
  An ufetubus (D:7)
  4 worms
  2 dart slugs
  10 orcs
  13 ball pythons
  8 endoplasms
  12 giant cockroaches
  5 goblins
  6 hobgoblins
  4 jackals
  4 quokkas
  7 bats
  3 frilled lizards
  17 kobolds
  8 rats
176 creatures vanquished.

Vanquished Creatures (others)
  A human (D:4)
1 creature vanquished.

Grand Total: 177 creatures vanquished

Table legend:
 A = Non-vault XP
 B = Vault XP
 C = Vault XP percentage of total XP
 D = Non-vault monster count
 E = Vault monster count
 F = Vault count percentage of total count
                 A         B        C        D         E       F
            +---------+---------+-------+---------+---------+-------
      Total |    4552 |    1051 |  18.8 |     136 |      40 |  22.7
            +---------+---------+-------+---------+---------+-------
        D:1 |      50 |       8 |  13.8 |      28 |       4 |  12.5
        D:2 |      19 |       0 |   0.0 |      11 |       0 |   0.0
        D:3 |      41 |       0 |   0.0 |      11 |       0 |   0.0
        D:4 |     171 |       0 |   0.0 |      13 |       0 |   0.0
        D:5 |     530 |       0 |   0.0 |      11 |       0 |   0.0
        D:6 |     678 |       6 |   0.9 |      16 |       3 |  15.8
        D:7 |    1146 |     518 |  31.1 |      22 |      10 |  31.2
        D:8 |    1867 |     209 |  10.1 |      20 |       2 |   9.1
        D:9 |      50 |       0 |   0.0 |       4 |       0 |   0.0
      Sewer |       0 |     310 | 100.0 |       0 |      21 | 100.0
            +---------+---------+-------+---------+---------+-------

Skill      XL: |  1  2  3  4  5  6  7  8  9 10 |
---------------+-------------------------------+-----
Unarmed Combat | 4 5 7 8 10 | 10.0
Shapeshifting  | 4 5 6 7 9 10 | 10.1
Stealth        | 2 |  2.4
Fighting       | |  1.0
Dodging        | |  2.9

Action                     |  1- 3 |  4- 6 |  7- 9 | 10-12 || total
---------------------------+-------+-------+-------+-------++-------
  Melee: Unarmed           |    77 |    59 |   192 |    26 ||   354
         Constrict         |    19 |    18 |    41 |     9 ||    87
         Tentacles         |    14 |    15 |    30 |       ||    59
         Punch             |     2 |     2 |     6 |       ||    10
  Evoke: Wand              |       |       |     1 |       ||     1
    Use: Scroll            |     5 |     3 |     5 |       ||    13
         Potion            |       |       |     3 |     1 ||     4
   Stab: Sleeping          |     7 |     7 |     9 |       ||    23
 Armour: Skin              |    30 |    21 |   153 |    20 ||   224
  Dodge: Dodged            |    42 |    30 |   100 |     9 ||   181
   Form: Anaconda          |       |       |     1 |       ||     1

Illustrated notes

Table legend:
 A = Kills in this place as a percentage of kills in the entire game.
 B = Kills by you in this place as a percentage of kills by you in the entire game.
 C = Kills by friends in this place as a percentage of kills by friends in the entire game.
 D = Other kills in this place as a percentage of other kills in the entire game.
 E = Experience gained in this place as a percentage of experience gained in the entire game.
 F = Experience gained in this place divided by the number of levels of this place that you have seen.
                   A       B       C       D       E      F
               +-------+-------+-------+-------+-------+----------------------
         Total | 100.0 | 100.0 |   N/A |   N/A | 100.0 | 560.3
       Dungeon |  88.1 |  88.1 |   N/A |   N/A |  94.5 | 588.1
         Sewer |  11.9 |  11.9 |   N/A |   N/A |   5.5 | 310.0
               +-------+-------+-------+-------+-------+----------------------

Table legend: (Time is in decaauts)
 A = Elapsed time spent in this place.
 B = Non-inter-level travel time spent in this place.
 C = Inter-level travel time spent in this place.
 D = Time resting spent in this place.
 E = Time spent auto-exploring this place.
 F = Levels seen in this place.
 G = Mean time per level.
                   A        B        C        D        E       F      G
               +--------+--------+--------+--------+--------+-----+--------+
         Total |   8621 |   8354 |    267 |    548 |   6411 |  10 |  862.1 |
       Dungeon |   8036 |   7769 |    267 |    548 |   5991 |   9 |  892.9 |
         Sewer |    584 |    584 |      0 |      0 |    420 |   1 |  584.0 |
               +--------+--------+--------+--------+--------+-----+--------+

Top non-repeatable levels by time:
     D:7: 1668 daAuts
     D:8: 1372 daAuts
     D:6: 999 daAuts
     D:5: 986 daAuts
     D:1: 977 daAuts
     D:4: 937 daAuts
     D:3: 632 daAuts
   Sewer: 584 daAuts
     D:2: 426 daAuts
     D:9: 36 daAuts
